Workbook

Sheet KPIC
A1: Item | C1: Rate
A2: Fertilizer | C2: 150
A3: POL | C3: 50
A4: Food Grains | C4: 120
A5: Iron Ore | C5: 60
A6: Iron Pellets | C6: 250
A7: Sponge Iron | C7: 250
A8: Tobacco | C8: 120
A9: Miscellaneous | C9: 120
A10: Phosphoric Acid | C10: 50
A11: Liquid Ammonia | C11: 60
A14: Quantities ('000 tons)
B15: 0 | C15: 1 | D15: 2 | E15: 3 | F15: 4 | G15: 5 | H15: 6 | I15: 7 | J15: 8 | K15: 9
A16: Fertilizer | C16: 0 | D16: 360 | E16: 380 | F16: 415 | G16: 450 | H16: 485 | I16: 520 | J16: 555 | K16: 590
A17: Iron Pellets | C17: 0 | D17: 770 | E17: 770 | F17: 770 | G17: 770 | H17: 770 | I17: 770 | J17: 770 | K17: 770
A18: Sponge Iron | C18: 0 | D18: 275 | E18: 275 | F18: 275 | G18: 275 | H18: 275 | I18: 275 | J18: 275 | K18: 275
A19: Tobacco | C19: 0 | D19: 50 | E19: 50 | F19: 50 | G19: 50 | H19: 50 | I19: 50 | J19: 50 | K19: 50
A20: Misc | C20: 0 | D20: 20 | E20: 20 | F20: 20 | G20: 20 | H20: 20 | I20: 20 | J20: 20 | K20: 20
A21: Phosphoric Acid | C21: 0 | D21: 570 | E21: 570 | F21: 570 | G21: 570 | H21: 570 | I21: 570 | J21: 570 | K21: 570
A22: Liquid Ammonia | C22: 0 | D22: 70 | E22: 70 | F22: 70 | G22: 70 | H22: 70 | I22: 70 | J22: 70 | K22: 70
A23: Petroleum | C23: 0 | D23: 378 | E23: 397 | F23: 417 | G23: 438 | H23: 459 | I23: 482 | J23: 507 | K23: 532
A27: Value in Rs. '000
B28: Year
B29: 0 | C29: 1 | D29: 2 | E29: 3 | F29: 4 | G29: 5 | H29: 6 | I29: 7 | J29: 8 | K29: 9
A30: Fertilizer | C30: =C16*$C$2 -> 0 | D30: =D16*$C$2 -> 54000 | E30: =E16*$C$2 -> 57000 | F30: =F16*$C$2 -> 62250 | G30: =G16*$C$2 -> 67500 | H30: =H16*$C$2 -> 72750 | I30: =I16*$C$2 -> 78000 | J30: =J16*$C$2 -> 83250 | K30: =K16*$C$2 -> 88500
A31: Iron Pellets | C31: =C17*$C$6 -> 0 | D31: =D17*$C$6 -> 192500 | E31: =E17*$C$6 -> 192500 | F31: =F17*$C$6 -> 192500 | G31: =G17*$C$6 -> 192500 | H31: =H17*$C$6 -> 192500 | I31: =I17*$C$6 -> 192500 | J31: =J17*$C$6 -> 192500 | K31: =K17*$C$6 -> 192500
A32: Sponge Iron | C32: =C18*$C$7 -> 0 | D32: =D18*$C$7 -> 68750 | E32: =E18*$C$7 -> 68750 | F32: =F18*$C$7 -> 68750 | G32: =G18*$C$7 -> 68750 | H32: =H18*$C$7 -> 68750 | I32: =I18*$C$7 -> 68750 | J32: =J18*$C$7 -> 68750 | K32: =K18*$C$7 -> 68750
A33: Tobacco | C33: =C19*$C$8 -> 0 | D33: =D19*$C$8 -> 6000 | E33: =E19*$C$8 -> 6000 | F33: =F19*$C$8 -> 6000 | G33: =G19*$C$8 -> 6000 | H33: =H19*$C$8 -> 6000 | I33: =I19*$C$8 -> 6000 | J33: =J19*$C$8 -> 6000 | K33: =K19*$C$8 -> 6000
A34: Misc | C34: =C20*$C$9 -> 0 | D34: =D20*$C$9 -> 2400 | E34: =E20*$C$9 -> 2400 | F34: =F20*$C$9 -> 2400 | G34: =G20*$C$9 -> 2400 | H34: =H20*$C$9 -> 2400 | I34: =I20*$C$9 -> 2400 | J34: =J20*$C$9 -> 2400 | K34: =K20*$C$9 -> 2400
A35: Phosphoric Acid | C35: =C21*$C$10 -> 0 | D35: =D21*$C$10 -> 28500 | E35: =E21*$C$10 -> 28500 | F35: =F21*$C$10 -> 28500 | G35: =G21*$C$10 -> 28500 | H35: =H21*$C$10 -> 28500 | I35: =I21*$C$10 -> 28500 | J35: =J21*$C$10 -> 28500 | K35: =K21*$C$10 -> 28500
A36: Liquid Ammonia | C36: =C22*$C$11 -> 0 | D36: =D22*$C$11 -> 4200 | E36: =E22*$C$11 -> 4200 | F36: =F22*$C$11 -> 4200 | G36: =G22*$C$11 -> 4200 | H36: =H22*$C$11 -> 4200 | I36: =I22*$C$11 -> 4200 | J36: =J22*$C$11 -> 4200 | K36: =K22*$C$11 -> 4200
A37: Petroleum | C37: =C23*$C$3 -> 0 | D37: =D23*$C$3 -> 18900 | E37: =E23*$C$3 -> 19850 | F37: =F23*$C$3 -> 20850 | G37: =G23*$C$3 -> 21900 | H37: =H23*$C$3 -> 22950 | I37: =I23*$C$3 -> 24100 | J37: =J23*$C$3 -> 25350 | K37: =K23*$C$3 -> 26600
A38: Total | C38: =SUM(C30:C37) -> 0 | D38: =SUM(D30:D37) -> 375250 | E38: =SUM(E30:E37) -> 379200 | F38: =SUM(F30:F37) -> 385450 | G38: =SUM(G30:G37) -> 391750 | H38: =SUM(H30:H37) -> 398050 | I38: =SUM(I30:I37) -> 404450 | J38: =SUM(J30:J37) -> 410950 | K38: =SUM(K30:K37) -> 417450
B40: 0 | C40: 1 | D40: 2 | E40: 3 | F40: 4 | G40: 5 | H40: 6 | I40: 7 | J40: 8 | K40: 9
A41: Investment | B41: 605000 | C41: 385000
A42: Revenue | B42: 0 | C42: 0 | D42: =D38 -> 375250 | E42: =E38 -> 379200 | F42: =F38 -> 385450 | G42: =G38 -> 391750 | H42: =H38 -> 398050 | I42: =I38 -> 404450 | J42: =J38 -> 410950 | K42: =K38 -> 417450
A43: Operating Cost | D43: =D42*$B$58 -> 75050 | E43: =E42*$B$58 -> 75840 | F43: =F42*$B$58 -> 77090 | G43: =G42*$B$58 -> 78350 | H43: =H42*$B$58 -> 79610 | I43: =I42*$B$58 -> 80890 | J43: =J42*$B$58 -> 82190 | K43: =K42*$B$58 -> 83490
A44: Maintenance Cost | D44: =(B41+C41)*0.1 -> 99000 | E44: =D44 -> 99000 | F44: =E44 -> 99000 | G44: =F44 -> 99000 | H44: =G44 -> 99000 | I44: =H44 -> 99000 | J44: =I44 -> 99000 | K44: =J44 -> 99000
B45: =B42-B41-B43-B44 -> -605000 | C45: =C42-C41-C43-C44 -> -385000 | D45: =D42-D41-D43-D44 -> 201200 | E45: =E42-E41-E43-E44 -> 204360 | F45: =F42-F41-F43-F44 -> 209360 | G45: =G42-G41-G43-G44 -> 214400 | H45: =H42-H41-H43-H44 -> 219440 | I45: =I42-I41-I43-I44 -> 224560 | ... K45: =K42-K41-K43-K44 -> 234960
A46: Depreciation | D46: =(B41+C41)*B59 -> 99000 | E46: =D46*(1-$B$59) -> 89100 | F46: =E46*(1-$B$59) -> 80190 | G46: =F46*(1-$B$59) -> 72171 | H46: =G46*(1-$B$59) -> 64953.9 | I46: =H46*(1-$B$59) -> 58458.51 | J46: =I46*(1-$B$59) -> 52612.659 | K46: =J46*(1-$B$59) -> 47351.393
A47: PBT | D47: =D45-D46 -> 102200 | E47: =E45-E46 -> 115260 | F47: =F45-F46 -> 129170 | G47: =G45-G46 -> 142229 | H47: =H45-H46 -> 154486.1 | I47: =I45-I46 -> 166101.49 | J47: =J45-J46 -> 177147.34 | K47: =K45-K46 -> 187608.61
A48: Tax | D48: =IF(D47>0,D47*$B$60,0) -> 20440 | E48: =IF(E47>0,E47*$B$60,0) -> 23052 | F48: =IF(F47>0,F47*$B$60,0) -> 25834 | G48: =IF(G47>0,G47*$B$60,0) -> 28445.8 | H48: =IF(H47>0,H47*$B$60,0) -> 30897.22 | I48: =IF(I47>0,I47*$B$60,0) -> 33220.298 | J48: =IF(J47>0,J47*$B$60,0) -> 35429.468 | K48: =IF(K47>0,K47*$B$60,0) -> 37521.721
A49: PAT | B49: =B45-B48 -> -605000 | C49: =C45-C48 -> -385000 | D49: =D47-D48 -> 81760 | E49: =E47-E48 -> 92208 | F49: =F47-F48 -> 103336 | G49: =G47-G48 -> 113783.2 | H49: =H47-H48 -> 123588.88 | I49: =I47-I48 -> 132881.19 | J49: =J47-J48 -> 141717.87 | K49: =K47-K48 -> 150086.89
A50: Depreciated value of the asset | L50: =SUM(D46:K46) -> 563837.46
A51: Salvage Value | L51: =B41+C41-L50 -> 426162.54
A52: Cash Flow | B52: =B45+B46*0.7 -> -605000 | C52: =C45+C46*0.7 -> -385000 | D52: =D49+D46 -> 180760 | E52: =E49+E46 -> 181308 | F52: =F49+F46 -> 183526 | G52: =G49+G46 -> 185954.2 | H52: =H49+H46 -> 188542.78 | I52: =I49+I46 -> 191339.7 | J52: =J49+J46 -> 194330.53 | K52: =K49+K46 -> 197438.28 | L52: =L51 -> 426162.54
A54: Discount rate | B54: 0.1
A56: NPV | B56: =NPV(B54,C52:L52)+B52 -> 114730.31
A57: IRR | B57: =IRR(B52:L52,B54) -> 0.12342247
A58: Operating cost | B58: 0.2 | C58: of Revenue
A59: Depreciation | B59: 0.1
A60: Tax rate | B60: 0.2

Sheet REV-KPIC
A1: Item | C1: Rate
A2: Fertilizer | C2: =KPIC!C2 -> 150
A3: POL | C3: =KPIC!C3 -> 50
A4: Food Grains | C4: =KPIC!C4 -> 120
A5: Iron Ore | C5: =KPIC!C5 -> 60
A6: Iron Pellets | C6: =KPIC!C6 -> 250
A7: Sponge Iron | C7: =KPIC!C7 -> 250
A8: Tobacco | C8: =KPIC!C8 -> 120
A9: Miscellaneous | C9: =KPIC!C9 -> 120
A10: Phosphoric Acid | C10: =KPIC!C10 -> 50
A11: Liquid Ammonia | C11: =KPIC!C11 -> 60
A14: Quantities ('000 tons)
C15: 1 | D15: 2 | E15: 3 | F15: 4 | G15: 5 | H15: 6 | I15: 7 | J15: 8 | K15: 9
A16: Fertilizer | C16: 0 | D16: 0 | E16: 0 | F16: 0 | G16: 0 | H16: 18 | I16: 79 | J16: 141 | K16: 205
A17: Iron Pellets | C17: 0 | D17: 770 | E17: 770 | F17: 770 | G17: 770 | H17: 770 | I17: 770 | J17: 770 | K17: 770
A18: Sponge Iron | C18: 0 | D18: 75 | E18: 117 | F18: 174 | G18: 233 | H18: 275 | I18: 275 | J18: 275 | K18: 275
A19: Tobacco | C19: 0 | D19: 0 | E19: 0 | F19: 0 | G19: 0 | H19: 0 | I19: 0 | J19: 0 | K19: 0
A20: Misc | C20: 0 | D20: 0 | E20: 0 | F20: 0 | G20: 0 | H20: 0 | I20: 0 | J20: 0 | K20: 0
A21: Phosphoric Acid | C21: 0 | D21: 570 | E21: 570 | F21: 570 | G21: 570 | H21: 570 | I21: 570 | J21: 570 | K21: 570
A22: Liquid Ammonia | C22: 0 | D22: 70 | E22: 70 | F22: 70 | G22: 70 | H22: 70 | I22: 70 | J22: 70 | K22: 70
A23: Petroleum | C23: 0 | D23: 378 | E23: 397 | F23: 417 | G23: 438 | H23: 459 | I23: 482 | J23: 507 | K23: 532
A27: Value in Rs. '000
C28: 1 | D28: 2 | E28: 3 | F28: 4 | G28: 5 | H28: 6 | I28: 7 | J28: 8 | K28: 9
A29: Fertilizer | C29: =C16*$C$2 -> 0 | D29: =D16*$C$2 -> 0 | E29: =E16*$C$2 -> 0 | F29: =F16*$C$2 -> 0 | G29: =G16*$C$2 -> 0 | H29: =H16*$C$2 -> 2700 | I29: =I16*$C$2 -> 11850 | J29: =J16*$C$2 -> 21150 | K29: =K16*$C$2 -> 30750
A30: Iron Pellets | C30: =C17*$C$6 -> 0 | D30: =D17*$C$6 -> 192500 | E30: =E17*$C$6 -> 192500 | F30: =F17*$C$6 -> 192500 | G30: =G17*$C$6 -> 192500 | H30: =H17*$C$6 -> 192500 | I30: =I17*$C$6 -> 192500 | J30: =J17*$C$6 -> 192500 | K30: =K17*$C$6 -> 192500
A31: Sponge Iron | C31: =C18*$C$7 -> 0 | D31: =D18*$C$7 -> 18750 | E31: =E18*$C$7 -> 29250 | F31: =F18*$C$7 -> 43500 | G31: =G18*$C$7 -> 58250 | H31: =H18*$C$7 -> 68750 | I31: =I18*$C$7 -> 68750 | J31: =J18*$C$7 -> 68750 | K31: =K18*$C$7 -> 68750
A32: Tobacco | C32: =C19*$C$8 -> 0 | D32: =D19*$C$8 -> 0 | E32: =E19*$C$8 -> 0 | F32: =F19*$C$8 -> 0 | G32: =G19*$C$8 -> 0 | H32: =H19*$C$8 -> 0 | I32: =I19*$C$8 -> 0 | J32: =J19*$C$8 -> 0 | K32: =K19*$C$8 -> 0
A33: Misc | C33: =C20*$C$9 -> 0 | D33: =D20*$C$9 -> 0 | E33: =E20*$C$9 -> 0 | F33: =F20*$C$9 -> 0 | G33: =G20*$C$9 -> 0 | H33: =H20*$C$9 -> 0 | I33: =I20*$C$9 -> 0 | J33: =J20*$C$9 -> 0 | K33: =K20*$C$9 -> 0
A34: Phosphoric Acid | C34: =C21*$C$10 -> 0 | D34: =D21*$C$10 -> 28500 | E34: =E21*$C$10 -> 28500 | F34: =F21*$C$10 -> 28500 | G34: =G21*$C$10 -> 28500 | H34: =H21*$C$10 -> 28500 | I34: =I21*$C$10 -> 28500 | J34: =J21*$C$10 -> 28500 | K34: =K21*$C$10 -> 28500
A35: Liquid Ammonia | C35: =C22*$C$11 -> 0 | D35: =D22*$C$11 -> 4200 | E35: =E22*$C$11 -> 4200 | F35: =F22*$C$11 -> 4200 | G35: =G22*$C$11 -> 4200 | H35: =H22*$C$11 -> 4200 | I35: =I22*$C$11 -> 4200 | J35: =J22*$C$11 -> 4200 | K35: =K22*$C$11 -> 4200
A36: Petroleum | C36: =C23*$C$3 -> 0 | D36: =D23*$C$3 -> 18900 | E36: =E23*$C$3 -> 19850 | F36: =F23*$C$3 -> 20850 | G36: =G23*$C$3 -> 21900 | H36: =H23*$C$3 -> 22950 | I36: =I23*$C$3 -> 24100 | J36: =J23*$C$3 -> 25350 | K36: =K23*$C$3 -> 26600
A38: Total | C38: =SUM(C29:C36) -> 0 | D38: =SUM(D29:D36) -> 262850 | E38: =SUM(E29:E36) -> 274300 | F38: =SUM(F29:F36) -> 289550 | G38: =SUM(G29:G36) -> 305350 | H38: =SUM(H29:H36) -> 319600 | I38: =SUM(I29:I36) -> 329900 | J38: =SUM(J29:J36) -> 340450 | K38: =SUM(K29:K36) -> 351300
B40: 0 | C40: 1 | D40: 2 | E40: 3 | F40: 4 | G40: 5 | H40: 6 | I40: 7 | J40: 8 | K40: 9
A41: Investment | B41: 605000 | C41: 385000
A42: Revenue | B42: 0 | C42: 0 | D42: =D38 -> 262850 | E42: =E38 -> 274300 | F42: =F38 -> 289550 | G42: =G38 -> 305350 | H42: =H38 -> 319600 | I42: =I38 -> 329900 | J42: =J38 -> 340450 | K42: =K38 -> 351300
A43: Operating Cost | D43: =D42*$B$58 -> 52570 | E43: =E42*$B$58 -> 54860 | F43: =F42*$B$58 -> 57910 | G43: =G42*$B$58 -> 61070 | H43: =H42*$B$58 -> 63920 | I43: =I42*$B$58 -> 65980 | J43: =J42*$B$58 -> 68090 | K43: =K42*$B$58 -> 70260
A44: Maintenance Cost | D44: =(B41+C41)*0.1 -> 99000 | E44: =D44 -> 99000 | F44: =E44 -> 99000 | G44: =F44 -> 99000 | H44: =G44 -> 99000 | I44: =H44 -> 99000 | J44: =I44 -> 99000 | K44: =J44 -> 99000
B45: =B42-B41-B43-B44 -> -605000 | C45: =C42-C41-C43-C44 -> -385000 | D45: =D42-D41-D43-D44 -> 111280 | E45: =E42-E41-E43-E44 -> 120440 | F45: =F42-F41-F43-F44 -> 132640 | G45: =G42-G41-G43-G44 -> 145280 | H45: =H42-H41-H43-H44 -> 156680 | I45: =I42-I41-I43-I44 -> 164920 | ... K45: =K42-K41-K43-K44 -> 182040
A46: Depreciation | D46: =(B41+C41)*B59 -> 99000 | E46: =D46*(1-$B$59) -> 89100 | F46: =E46*(1-$B$59) -> 80190 | G46: =F46*(1-$B$59) -> 72171 | H46: =G46*(1-$B$59) -> 64953.9 | I46: =H46*(1-$B$59) -> 58458.51 | J46: =I46*(1-$B$59) -> 52612.659 | K46: =J46*(1-$B$59) -> 47351.393
A47: PBT | D47: =D45-D46 -> 12280 | E47: =E45-E46 -> 31340 | F47: =F45-F46 -> 52450 | G47: =G45-G46 -> 73109 | H47: =H45-H46 -> 91726.1 | I47: =I45-I46 -> 106461.49 | J47: =J45-J46 -> 120747.34 | K47: =K45-K46 -> 134688.61
A48: TAX | D48: =IF(D47>0,D47*$B$60,0) -> 2456 | E48: =IF(E47>0,E47*$B$60,0) -> 6268 | F48: =IF(F47>0,F47*$B$60,0) -> 10490 | G48: =IF(G47>0,G47*$B$60,0) -> 14621.8 | H48: =IF(H47>0,H47*$B$60,0) -> 18345.22 | I48: =IF(I47>0,I47*$B$60,0) -> 21292.298 | J48: =IF(J47>0,J47*$B$60,0) -> 24149.468 | K48: =IF(K47>0,K47*$B$60,0) -> 26937.721
A49: PAT | D49: =D47-D48 -> 9824 | E49: =E47-E48 -> 25072 | F49: =F47-F48 -> 41960 | G49: =G47-G48 -> 58487.2 | H49: =H47-H48 -> 73380.88 | I49: =I47-I48 -> 85169.192 | J49: =J47-J48 -> 96597.873 | K49: =K47-K48 -> 107750.89
A50: Depreciated value of the asset | L50: =SUM(D46:K46) -> 563837.46
A51: Salvage Value | L51: =B41+C41-L50 -> 426162.54
A52: Cash Flow | B52: =B45+B46*0.7 -> -605000 | C52: =C45+C46*0.7 -> -385000 | D52: =D49+D46 -> 108824 | E52: =E49+E46 -> 114172 | F52: =F49+F46 -> 122150 | G52: =G49+G46 -> 130658.2 | H52: =H49+H46 -> 138334.78 | I52: =I49+I46 -> 143627.7 | J52: =J49+J46 -> 149210.53 | K52: =K49+K46 -> 155102.28 | L52: =L51 -> 426162.54
A54: Discount rate | B54: 0.1
A56: NPV | B56: =NPV(B54,C52:L52)+B52 -> -163244.61
A57: IRR | B57: =IRR(B52:L52,B54) -> 0.066199518
A58: Operating cost | B58: =KPIC!B58 -> 0.2 | C58: of Revenue
A59: Depreciation | B59: =KPIC!B59 -> 0.1
A60: Tax Rate | B60: =KPIC!B60 -> 0.2
A63: Cost to Society | B63: =KPIC!B56-'REV-KPIC'!B56:C56 -> 277974.93 | D63: =B63/100000 -> 2.7797493

Sheet SBCA
A1: Shipdays Saved
A3: Period (Days) | B3: No. of Ships | C3: Average Number of Days | D3: Cargo Handled (Tons) | E3: Number of Ships Handled as % of Total | F3: Total no. of Ship-days
A4: <10 | B4: 51 | C4: 5 | D4: 160875 | E4: =B4/$B$9 -> 0.38059701 | F4: =C4*B4 -> 255
A5: 10-19 | B5: 58 | C5: 14 | D5: 585311 | E5: =B5/$B$9 -> 0.43283582 | F5: =C5*B5 -> 812
A6: 20-29 | B6: 18 | C6: 23 | D6: 287683 | E6: =B6/$B$9 -> 0.13432836 | F6: =C6*B6 -> 414
A7: 30-39 | B7: 5 | C7: 31 | D7: 116957 | E7: =B7/$B$9 -> 0.037313433 | F7: =C7*B7 -> 155
A8: >40 | B8: 2 | C8: 50 | D8: 72035 | E8: =B8/$B$9 -> 0.014925373 | F8: =C8*B8 -> 100
A9: All | B9: =SUM(B4:B8) -> 134 | D9: =SUM(D4:D8) -> 1222861 | E9: =B9/$B$9 -> 1 | F9: =SUM(F4:F8) -> 1736
A11: Total cost of Shipdays @ 2,79,000/day | E11: =F9*279/1000 -> 484.344 | F11: (Rs. Million)
A14: Efficiency of Port
A16: Appendix V - Relative Efficiencies of the Two Ports in Handling Different Types of Cargo
B17: Tons Handled per Day
A18: Cargo | B18: New Port | C18: Anchorage Port | D18: Ratio | E18: QTY | F18: Eff. Ratio * Qty
A19: Fertilizer | B19: 2000 | C19: 1000 | D19: =B19/C19 -> 2 | E19: 360 | F19: =D19*E19 -> 720
A20: Iron Pellets | B20: 10000 | C20: 1500 | D20: =B20/C20 -> 6.6666667 | E20: 770 | F20: =D20*E20 -> 5133.3333
A21: Sponge Iron | B21: 5000 | C21: 1500 | D21: =B21/C21 -> 3.3333333 | E21: 75 | F21: =D21*E21 -> 250
A22: Tobacco | B22: 2000 | C22: 1000 | D22: =B22/C22 -> 2 | E22: 50 | F22: =D22*E22 -> 100
A23: Miscellaneous | B23: 2000 | C23: 1000 | D23: =B23/C23 -> 2 | E23: 40 | F23: =D23*E23 -> 80
E24: =SUM(E19:E23) -> 1295 | F24: =SUM(F19:F23) -> 6283.3333
A26: Average Efficiency Ratio | C26: =F24/E24 -> 4.8519949
A28: New Shipdays | E28: =F9/C26 -> 357.79098
A29: Total cost of Shipdays @ 2,79,000/day (Rs. Mill) | E29: =E28*279/1000 -> 99.823684
A30: Saving in Shipdays (Rs. '000) | E30: =(E11-E29)*1000 -> 384520.32
A33: Liquid Cargo - Savings in Transport Cost
A36: Item | B36: Year 1 | C36: Year 2 | D36: Year 3 | E36: Year 4 | F36: Year 5 | G36: Year 6 | H36: Year 7 | I36: Year 8 | J36: Year 9 | L36: Trans.Cost
A37: Phosphoric Acid and Liquid Ammonia | B37: 640 | C37: 640 | D37: 640 | E37: 640 | F37: 640 | G37: 640 | H37: 640 | I37: 640 | J37: 640 | L37: 150
A38: Petroleum Products | B38: 378 | C38: 378 | D38: 397 | E38: 417 | F38: 438 | G38: 459 | H38: 482 | I38: 507 | J38: 532 | L38: 21.3
A40: Value (Rs. Mill)
A41: Phosphoric Acid and Liquid Ammonia | B41: =B37*$L$37 -> 96000 | C41: =C37*$L$37 -> 96000 | D41: =D37*$L$37 -> 96000 | E41: =E37*$L$37 -> 96000 | F41: =F37*$L$37 -> 96000 | G41: =G37*$L$37 -> 96000 | H41: =H37*$L$37 -> 96000 | I41: =I37*$L$37 -> 96000 | J41: =J37*$L$37 -> 96000
A42: Petroleum Products | B42: =B38*$L$38 -> 8051.4 | C42: =C38*$L$38 -> 8051.4 | D42: =D38*$L$38 -> 8456.1 | E42: =E38*$L$38 -> 8882.1 | F42: =F38*$L$38 -> 9329.4 | G42: =G38*$L$38 -> 9776.7 | H42: =H38*$L$38 -> 10266.6 | I42: =I38*$L$38 -> 10799.1 | J42: =J38*$L$38 -> 11331.6
A43: Total | B43: =SUM(B41:B42) -> 104051.4 | C43: =SUM(C41:C42) -> 104051.4 | D43: =SUM(D41:D42) -> 104456.1 | E43: =SUM(E41:E42) -> 104882.1 | F43: =SUM(F41:F42) -> 105329.4 | G43: =SUM(G41:G42) -> 105776.7 | H43: =SUM(H41:H42) -> 106266.6 | I43: =SUM(I41:I42) -> 106799.1 | J43: =SUM(J41:J42) -> 107331.6
A45: Loss for Boats
B46: Year 1 | C46: Year 2 | D46: Year 3 | E46: Year 4 | F46: Year 5 | G46: Year 6 | H46: Year 7 | I46: Year 8 | J46: Year 9
A47: Initial Revenue (Rs. Mill) | B47: =1222861/507968*17976 -> 43274.673 | C47: =1222861/507968*17976 -> 43274.673 | D47: =1222861/507968*17976 -> 43274.673 | E47: =1222861/507968*17976 -> 43274.673 | F47: =1222861/507968*17976 -> 43274.673 | G47: =1222861/507968*17976 -> 43274.673 | H47: =1222861/507968*17976 -> 43274.673 | I47: =1222861/507968*17976 -> 43274.673 | J47: =1222861/507968*17976 -> 43274.673
A48: New Qtys | B48: 920 | C48: 570 | D48: 592 | E48: 614 | F48: 638 | G48: 663 | H48: 689 | I48: 716 | J48: 745
A49: New Revenue | B49: =B48/507968*17976121 -> 32557.231 | C49: =C48/507968*17976121 -> 20171.328 | D49: =D48/507968*17976121 -> 20949.87 | E49: =E48/507968*17976121 -> 21728.413 | F49: =F48/507968*17976121 -> 22577.732 | G49: =G48/507968*17976121 -> 23462.439 | H49: =H48/507968*17976121 -> 24382.535 | I49: =I48/507968*17976121 -> 25338.019 | J49: =J48/507968*17976121 -> 26364.279
A50: Net | B50: =B49-B47 -> -10717.443 | C50: =C49-C47 -> -23103.346 | D50: =D49-D47 -> -22324.803 | E50: =E49-E47 -> -21546.261 | F50: =F49-F47 -> -20696.942 | G50: =G49-G47 -> -19812.234 | H50: =H49-H47 -> -18892.139 | I50: =I49-I47 -> -17936.655 | J50: =J49-J47 -> -16910.394
A53: Summary for all Stakeholders | C53: KPIC-Alt I
B54: Year
B55: 0 | C55: 1 | D55: 2 | E55: 3 | F55: 4 | G55: 5 | H55: 6 | I55: 7 | J55: 8 | K55: 9
A56: KPIC (+) | B56: =KPIC!B52 -> -605000 | C56: =KPIC!C52 -> -385000 | D56: =KPIC!D52 -> 180760 | E56: =KPIC!E52 -> 181308 | F56: =KPIC!F52 -> 183526 | G56: =KPIC!G52 -> 185954.2 | H56: =KPIC!H52 -> 188542.78 | I56: =KPIC!I52 -> 191339.7 | ... L56: =KPIC!L52 -> 426162.54
A57: Ship-Days (+) | D57: =$E$30 -> 384520.32 | E57: =$E$30 -> 384520.32 | F57: =$E$30 -> 384520.32 | G57: =$E$30 -> 384520.32 | H57: =$E$30 -> 384520.32 | I57: =$E$30 -> 384520.32 | J57: =$E$30 -> 384520.32 | K57: =$E$30 -> 384520.32
A58: Save Transport (+) | D58: =C43 -> 104051.4 | E58: =D43 -> 104456.1 | F58: =E43 -> 104882.1 | G58: =F43 -> 105329.4 | H58: =G43 -> 105776.7 | I58: =H43 -> 106266.6 | J58: =I43 -> 106799.1 | K58: =J43 -> 107331.6
A59: Loss for Boats (-) | C59: =B50 -> -10717.443 | D59: =C50 -> -23103.346 | E59: =D50 -> -22324.803 | F59: =E50 -> -21546.261 | G59: =F50 -> -20696.942 | H59: =G50 -> -19812.234 | I59: =H50 -> -18892.139 | J59: =I50 -> -17936.655 | K59: =J50 -> -16910.394
A60: NET CASH FLOW | B60: =SUM(B56:B59) -> -605000 | C60: =SUM(C56:C59) -> -395717.44 | D60: =SUM(D56:D59) -> 646228.37 | E60: =SUM(E56:E59) -> 647959.61 | F60: =SUM(F56:F59) -> 651382.16 | G60: =SUM(G56:G59) -> 655106.97 | H60: =SUM(H56:H59) -> 659027.56 | I60: =SUM(I56:I59) -> 663234.48 | ... L60: =SUM(L56:L59) -> 426162.54
A62: NPV | B62: =NPV(B65,C60:L60)+B60 -> 2381124.2
A63: IRR | B63: =IRR(B60:L60,0.1) -> 0.48634386
A65: Disc Rate | B65: =KPIC!B54 -> 0.1
A67: NPV of Boatloss | B67: =NPV(B65,B50:J50) -> -109594.7
A70: Summary for all Stakeholders | C70: KPIC-Alt II
A72: KPIC (+) | B72: ='REV-KPIC'!B52 -> -605000 | C72: ='REV-KPIC'!C52 -> -385000 | D72: ='REV-KPIC'!D52 -> 108824 | E72: ='REV-KPIC'!E52 -> 114172 | F72: ='REV-KPIC'!F52 -> 122150 | G72: ='REV-KPIC'!G52 -> 130658.2 | H72: ='REV-KPIC'!H52 -> 138334.78 | I72: ='REV-KPIC'!I52 -> 143627.7 | ... L72: ='REV-KPIC'!L52 -> 426162.54
A73: Ship-Days (+) | B73: =B57 -> 0 | C73: =C57 -> 0 | D73: =D57 -> 384520.32 | E73: =E57 -> 384520.32 | F73: =F57 -> 384520.32 | G73: =G57 -> 384520.32 | H73: =H57 -> 384520.32 | I73: =I57 -> 384520.32 | ... K73: =K57 -> 384520.32
A74: Save Transport (+) | B74: =B58 -> 0 | C74: =C58 -> 0 | D74: =D58 -> 104051.4 | E74: =E58 -> 104456.1 | F74: =F58 -> 104882.1 | G74: =G58 -> 105329.4 | H74: =H58 -> 105776.7 | I74: =I58 -> 106266.6 | ... K74: =K58 -> 107331.6
A75: Loss for Boats (-) | B75: =B59 -> 0 | C75: =C59 -> -10717.443 | D75: =D59 -> -23103.346 | E75: =E59 -> -22324.803 | F75: =F59 -> -21546.261 | G75: =G59 -> -20696.942 | H75: =H59 -> -19812.234 | I75: =I59 -> -18892.139 | ... K75: =K59 -> -16910.394
A76: NET CASH FLOW | B76: =B60 -> -605000 | C76: =C60 -> -395717.44 | D76: =D60 -> 646228.37 | E76: =E60 -> 647959.61 | F76: =F60 -> 651382.16 | G76: =G60 -> 655106.97 | H76: =H60 -> 659027.56 | I76: =I60 -> 663234.48 | ... K76: =K60 -> 672379.8
A78: NPV | B78: =NPV(B81,C76:L76)+B76 -> 2216820.1
A79: IRR | B79: =IRR(B76:L76,0.1) -> 0.48229368
A81: Disc Rate | B81: =B65 -> 0.1
A83: NPV of Boatloss | B83: 0
A87: Total Labour | B87: 10000
B88: Distribution
B89: Boat Lab | C89: Shore Lab | D89: Stevedore | E89: Total
A90: Ratio | B90: 1 | C90: 2 | D90: 3
A91: Actual | B91: =$B$87*B90/3 -> 3333.3333 | C91: =$B$87*C90/3 -> 6666.6667 | D91: =B87 -> 10000 | E91: =SUM(B91:D91) -> 20000
A93: Ratio to Qty (Per '000 tons) | B93: =B91/1200 -> 2.7777778 | C93: =C91/1200 -> 5.5555556 | D93: =D91/1200 -> 8.3333333
B95: Year 1 | C95: Year 2 | D95: Year 3 | E95: Year 4 | F95: Year 5 | G95: Year 6 | H95: Year 7 | I95: Year 8 | J95: Year 9
A96: Quantities
A97: Anchorage | B97: 920 | C97: 570 | D97: 592 | E97: 614 | F97: 638 | G97: 663 | H97: 689 | I97: 716 | J97: 745
A98: New Port | B98: 0 | C98: 1475 | D98: 1495 | E98: 1530 | F98: 1565 | G98: 1600 | H98: 1635 | I98: 1670 | J98: 1705
A100: Lab Requirement
A101: Boat Lab | B101: =B97*$B$93 -> 2555.5556 | C101: =C97*$B$93 -> 1583.3333 | D101: =D97*$B$93 -> 1644.4444 | E101: =E97*$B$93 -> 1705.5556 | F101: =F97*$B$93 -> 1772.2222 | G101: =G97*$B$93 -> 1841.6667 | H101: =H97*$B$93 -> 1913.8889 | I101: =I97*$B$93 -> 1988.8889 | J101: =J97*$B$93 -> 2069.4444
A102: Shore Lab | B102: =(B97+B98)*$C$93 -> 5111.1111 | C102: =(C97+C98)*$C$93 -> 11361.111 | D102: =(D97+D98)*$C$93 -> 11594.444 | E102: =(E97+E98)*$C$93 -> 11911.111 | F102: =(F97+F98)*$C$93 -> 12238.889 | G102: =(G97+G98)*$C$93 -> 12572.222 | H102: =(H97+H98)*$C$93 -> 12911.111 | I102: =(I97+I98)*$C$93 -> 13255.556 | J102: =(J97+J98)*$C$93 -> 13611.111
A103: Stevedore | B103: =(B97+B98)*$D$93 -> 7666.6667 | C103: =(C97+C98)*$D$93 -> 17041.667 | D103: =(D97+D98)*$D$93 -> 17391.667 | E103: =(E97+E98)*$D$93 -> 17866.667 | F103: =(F97+F98)*$D$93 -> 18358.333 | G103: =(G97+G98)*$D$93 -> 18858.333 | H103: =(H97+H98)*$D$93 -> 19366.667 | I103: =(I97+I98)*$D$93 -> 19883.333 | J103: =(J97+J98)*$D$93 -> 20416.667
A104: Total | B104: =SUM(B101:B103) -> 15333.333 | C104: =SUM(C101:C103) -> 29986.111 | D104: =SUM(D101:D103) -> 30630.556 | E104: =SUM(E101:E103) -> 31483.333 | F104: =SUM(F101:F103) -> 32369.444 | G104: =SUM(G101:G103) -> 33272.222 | H104: =SUM(H101:H103) -> 34191.667 | I104: =SUM(I101:I103) -> 35127.778 | J104: =SUM(J101:J103) -> 36097.222

Sheet Hypo-Projects
A1: Project | B1: Year | C1: Capital Cost | D1: Operational Cost | E1: Value of Output | F1: Net Value | I1: BCR | J1: NPV | L1: DR= | M1: 0.1
A2: A | B2: 1 | C2: 50000 | D2: 10000 | E2: 30000 | F2: =E2-D2 -> 20000 | G2: =E2 -> 30000 | H2: =C2+D2 -> 60000 | K2: =F2-C2 -> -30000
B3: 2 | D3: 10000 | E3: 35000 | F3: =E3-D3 -> 25000 | G3: =E3/(1+$M$1) -> 31818.182 | H3: =D3/(1+$M$1) -> 9090.9091 | K3: =F3-C3 -> 25000
B4: 3 | D4: 10000 | E4: 30000 | F4: =E4-D4 -> 20000 | G4: =E4/(1+$M$1)^2 -> 24793.388 | H4: =D4/(1+$M$1)^2 -> 8264.4628 | K4: =F4-C4 -> 20000
F5: =SUM(F2:F4) -> 65000 | G5: =SUM(G2:G4) -> 86611.57 | H5: =SUM(H2:H4) -> 77355.372 | I5: =G5/H5 -> 1.1196581 | J5: =G5-H5 -> 9256.1983 | K5: =IRR(K2:K4,0.1) -> 0.33333333
A6: B | B6: 1 | C6: 50000 | D6: 10000 | E6: 30000 | F6: =E6-D6 -> 20000 | G6: =E6 -> 30000 | H6: =C6+D6 -> 60000 | K6: =F6-C6 -> -30000
B7: 2 | D7: 10000 | E7: 35000 | F7: =E7-D7 -> 25000 | G7: =E7/(1+$M$1) -> 31818.182 | H7: =D7/(1+$M$1) -> 9090.9091 | K7: =F7-C7 -> 25000
B8: 3 | D8: 10000 | E8: 30000 | F8: =E8-D8 -> 20000 | G8: =E8/(1+$M$1)^2 -> 24793.388 | H8: =D8/(1+$M$1)^2 -> 8264.4628 | K8: =F8-C8 -> 20000
B9: 4 | D9: 10000 | E9: 30000 | F9: =E9-D9 -> 20000 | G9: =E9/(1+$M$1)^3 -> 22539.444 | H9: =D9/(1+$M$1)^3 -> 7513.148 | K9: =F9-C9 -> 20000
F10: =SUM(F6:F9) -> 85000 | G10: =SUM(G6:G9) -> 109151.01 | H10: =SUM(H6:H9) -> 84868.52 | I10: =G10/H10 -> 1.286119 | J10: =G10-H10 -> 24282.494 | K10: =IRR(K6:K9,0.1) -> 0.54446406
A11: C | B11: 1 | C11: 50000 | D11: 10000 | E11: 0 | F11: =E11-D11 -> -10000 | G11: =E11 -> 0 | H11: =C11+D11 -> 60000 | K11: =F11-C11 -> -60000
B12: 2 | C12: 25000 | D12: 10000 | E12: 35000 | F12: =E12-D12 -> 25000 | G12: =E12/(1+$M$1) -> 31818.182 | H12: =D12/(1+$M$1) -> 9090.9091 | K12: =F12-C12 -> 0
B13: 3 | D13: 10000 | E13: 40000 | F13: =E13-D13 -> 30000 | G13: =E13/(1+$M$1)^2 -> 33057.851 | H13: =D13/(1+$M$1)^2 -> 8264.4628 | K13: =F13-C13 -> 30000
B14: 4 | D14: 10000 | E14: 40000 | F14: =E14-D14 -> 30000 | G14: =E14/(1+$M$1)^3 -> 30052.592 | H14: =D14/(1+$M$1)^3 -> 7513.148 | K14: =F14-C14 -> 30000
B15: 5 | D15: 10000 | E15: 40000 | F15: =E15-D15 -> 30000 | G15: =E15/(1+$M$1)^4 -> 27320.538 | H15: =D15/(1+$M$1)^4 -> 6830.1346 | K15: =F15-C15 -> 30000
F16: =SUM(F11:F15) -> 105000 | G16: =SUM(G11:G15) -> 122249.16 | H16: =SUM(H11:H15) -> 91698.654 | I16: =G16/H16 -> 1.333162 | J16: =G16-H16 -> 30550.509 | K16: =IRR(K11:K15,0.1) -> 0.14710877
C45: OLD | E45: NEW | F45: Ratio
B46: tonnage | C46: =1223 -> 1223 | E46: =1705+745 -> 2450 | F46: =E46/C46 -> 2.0032706
B47: Boat labour | C47: =1045*100/85 -> 1229.4118
B48: Shore Lab | C48: =C47*2 -> 2458.8235 | F48: =C48*F46 -> 4925.689
B49: Total | C49: =SUM(C47:C48) -> 3688.2353 | F49: =F48-C49 -> 1237.4537
B50: Deficit
